Map: Lerilak Crest

Players

Javert

  • Race: Zerg Zerg
  • League: Platinum

Timo - Winner!

  • Race: Terran Terran
  • League: Platinum

VOD

Have the link to the VOD?

Description

Time

  • Played on: Aug. 16, 2015, 6:35 p.m.
  • Length: 12:11
Show
View Real Time Build Order
Export as new Build Order

Javert Zerg 

Build Orders: Hatch First, Muta Ling Bane 

Get SALT Encoding   

  12  0:01  Drone  
  13  0:12  Overlord  
  13  0:19  Drone  
  14  0:31  Drone x2  
  14  0:35  Drone  
  17  0:55  Hatchery, Drone  
  17  0:58  Extractor  
  17  1:01  Drone  
  17  1:07  Drone  
  18  1:20  Spawning Pool  
  18  1:21  Drone  
  18  1:28  Drone  
  19  1:39  Drone  
  20  1:53  Overlord  
  20  2:11  Queen x2  
  20  2:13  Metabolic Boost  
  24  2:15  Drone  
  24  2:16  Drone x2  
  27  2:24  Zergling x4  
  29  2:34  Drone x2  
  31  2:44  Overlord  
  31  2:50  Queen  
  33  2:53  Overlord  
  33  2:55  Drone x2  
  35  3:04  Drone  
  36  3:09  Drone  
  37  3:19  Drone x2  
  37  3:29  Drone x8  
  45  3:37  Roach Warren  
  44  3:44  Extractor x2  
  44  3:45  Lair  
  44  3:47  Overlord, Extractor  
  44  3:48  Overlord  
  41  3:56  Overlord  
  41  4:02  Zergling x4  
  43  4:17  Hatchery  
  42  4:40  Drone x15  
  57  4:53  Drone x2  
  57  4:56  Glial Reconstitution  
  59  5:00  Evolution Chamber x2  
  57  5:07  Baneling Nest  
  57  5:14  Overlord x2  
  56  5:18  Overlord x2  
  56  5:26  Zerg Ground Armor Level 1, Zerg Melee Weapons Level 1  
  55  5:29  Zergling x12  
  55  5:30  Zergling x2  
  62  5:38  Drone  
  63  5:44  Overlord  
  63  5:51  Queen  
  63  5:52  Centrifical Hooks  
  63  5:54  Zergling x2  
  63  5:55  Zergling x20  
  76  6:05  Spire  
  76  6:06  Baneling  
  76  6:07  Baneling x8  
  75  6:11  Drone  
  75  6:12  Drone x2  
  75  6:15  Drone x3  
  81  6:22  Burrow  
  81  6:23  Drone x3  
  84  6:37  Drone  
  84  6:38  Drone x4, Overlord x2  
  84  6:39  Overlord  
  85  6:58  Zergling x14  
  81  7:04  Zergling x2  
  81  7:05  Zergling x10  
  87  7:29  Baneling x6  
  84  7:30  Zergling x2  
  84  7:31  Zergling x20  
  86  7:51  Mutalisk x10  
  84  7:55  Extractor  
  84  7:56  Extractor  
  102  8:00  Baneling x5  
  102  8:01  Baneling  
  102  8:07  Overlord x3  
  101  8:13  Zergling x2  
  101  8:14  Zergling x4  
  101  8:19  Hatchery  
  103  8:24  Zergling x2  
  103  8:25  Zergling x22  
  115  8:33  Drone x4  
  119  8:37  Zergling x2  
  120  8:41  Hatchery, Queen  
  119  9:00  Drone x6  
  102  9:09  Mutalisk x6  
  97  9:10  Mutalisk x2  
  111  9:22  Baneling x6  
  109  9:27  Zergling x4  
  109  9:28  Zergling x12  
  115  9:35  Drone  
  112  9:41  Overseer x3  
  110  9:47  Zergling x6  
  110  9:52  Baneling x7  
  112  10:05  Baneling x6  
  112  10:13  Hatchery  
  111  10:19  Extractor  
  111  10:20  Extractor  
  97  10:30  Zergling x2  
  97  10:31  Zergling x24  
  96  10:41  Zergling x2  
  96  10:50  Baneling  
  96  10:51  Baneling x6  
  81  11:21  Zergling x2  
  81  11:22  Queen, Zergling x26  
Show
View Real Time Build Order
Export as new Build Order

Timo Terran - Winner!

Build Orders: Command Center First (CC), MMM Bio 

Get SALT Encoding   

  12  0:00  SCV  
  13  0:13  SCV  
  14  0:17  Supply Depot  
  14  0:25  SCV  
  15  0:39  SCV  
  16  0:51  SCV  
  17  1:02  Command Center  
  17  1:04  SCV  
  18  1:15  Barracks  
  18  1:18  SCV  
  19  1:30  SCV  
  20  1:32  Barracks  
  20  1:42  SCV  
  20  1:44  Supply Depot  
  21  1:55  SCV  
  21  1:57  Barracks  
  22  2:02  Marine  
  23  2:10  Orbital Command  
  22  2:20  Orbital Command  
  22  2:23  Marine  
  22  2:25  Marine  
  25  2:37  SCV  
  25  2:41  Marine  
  25  2:43  Marine  
  27  2:44  Marine  
  27  2:48  SCV  
  27  2:49  SCV  
  30  2:59  Barracks  
  30  3:00  SCV  
  30  3:01  SCV  
  30  3:02  Marine x2  
  30  3:03  Marine  
  35  3:09  Bunker  
  35  3:12  SCV, Barracks  
  36  3:25  Marine x3  
  36  3:26  SCV  
  40  3:28  Refinery x2  
  40  3:29  SCV  
  41  3:37  Supply Depot  
  41  3:38  SCV  
  42  3:41  SCV  
  42  3:44  Marine x3  
  46  3:58  SCV x2, Marine  
  49  4:02  Supply Depot  
  49  4:05  Supply Depot  
  49  4:07  Barracks Tech Lab, Engineering Bay  
  49  4:08  Barracks Tech Lab  
  49  4:09  Marine  
  50  4:10  SCV x2  
  50  4:15  Marine  
  53  4:23  SCV, Supply Depot  
  54  4:25  Supply Depot  
  54  4:28  SCV, Stimpack  
  55  4:32  Refinery  
  55  4:34  Refinery  
  55  4:36  SCV  
  56  4:39  Combat Shields  
  56  4:40  SCV  
  57  4:48  SCV  
  57  4:52  Supply Depot  
  58  4:53  SCV  
  58  4:58  Bunker  
  59  5:00  SCV  
  59  5:05  Marine x2  
  64  5:07  Marine  
  64  5:10  Marauder x2  
  64  5:11  SCV  
  68  5:18  SCV  
  69  5:22  Factory  
  69  5:23  SCV  
  69  5:28  Supply Depot  
  70  5:29  Supply Depot  
  70  5:30  Marine  
  70  5:33  Barracks Reactor x2  
  70  5:34  Barracks Reactor  
  71  5:37  SCV  
  71  5:38  SCV  
  71  5:39  Terran Infantry Weapons Level 1  
  73  5:47  Marauder  
  73  5:49  SCV  
  76  5:54  Marauder  
  78  5:58  Command Center, SCV  
  79  6:05  Supply Depot x2, SCV  
  79  6:08  Supply Depot, Marine  
  81  6:12  Factory Reactor  
  81  6:13  Starport, Marine x2  
  81  6:14  Marine  
  81  6:15  Marine  
  85  6:21  Supply Depot, Marine  
  86  6:26  Marauder  
  86  6:29  Marine  
  89  6:33  Supply Depot  
  89  6:35  Marauder, Marine  
  89  6:38  Supply Depot  
  92  6:40  Marine x3  
  92  6:43  Marine  
  96  6:48  Armory  
  96  6:51  Engineering Bay  
  96  6:53  SCV  
  93  6:56  Marine x2  
  93  6:57  Factory Reactor  
  76  7:01  Marine  
  76  7:02  Marine x2  
  76  7:04  Medivac x2  
  76  7:05  Marine  
  80  7:12  Orbital Command  
  80  7:18  Supply Depot, Marine x3  
  80  7:19  Marauder  
  85  7:28  Marine x3  
  88  7:30  Concussive Shells  
  88  7:33  Terran Infantry Armor Level 1  
  88  7:34  Widow Mine x2  
  89  7:43  Orbital Command  
  80  7:46  Marine x2  
  80  7:47  Marauder x2, Marine x2  
  81  7:53  Marine x2  
  81  7:54  Medivac x2  
  81  7:57  Terran Infantry Weapons Level 2  
  87  8:04  Widow Mine x2  
  91  8:06  Marine  
  91  8:07  Marine x2  
  91  8:08  Marauder  
  96  8:13  Marine x4  
  96  8:16  SCV  
  96  8:18  SCV  
  96  8:19  SCV  
  103  8:27  Medivac x2  
  103  8:28  SCV, Marine  
  103  8:29  Marine x2  
  103  8:30  SCV  
  103  8:32  SCV  
  113  8:43  Marine x3  
  113  8:44  Marauder, Marine  
  113  8:46  SCV x3  
  122  8:58  SCV  
  122  9:08  Marine x5  
  122  9:09  Marauder x2  
  104  9:17  Marine  
  104  9:20  Widow Mine x2  
  104  9:21  Medivac x2  
  104  9:23  Barracks  
  112  9:25  Barracks x2  
  112  9:26  Factory, Marine x2  
  112  9:30  Marauder  
  116  9:33  Marine x3  
  116  9:34  Marauder  
  116  9:35  Marine  
  122  9:43  Marine  
  123  9:49  Marine  
  123  9:50  Widow Mine x2  
  123  9:51  Medivac x2, Marine x2  
  123  9:52  Marauder  
  136  9:54  SCV  
  136  9:55  Marine, Marauder  
  136  10:13  Marauder  
  138  10:14  Marine x5  
  138  10:15  Barracks Reactor x2  
  138  10:16  Barracks Tech Lab, Marauder  
  145  10:21  Supply Depot  
  145  10:24  Supply Depot  
  145  10:27  Supply Depot  
  134  10:33  Marine x2  
  134  10:34  Marauder  
  127  10:38  Marauder  
  127  10:41  Marine x2  
  127  10:42  Marauder  
  133  10:44  Marine x2  
  133  10:48  Widow Mine x2  
  139  10:50  Factory Tech Lab  
  139  10:51  Marine x2  
  139  10:56  Marauder  
  139  10:59  Marauder, Marine x4  
  139  11:03  Marauder  
  147  11:04  Command Center  
  147  11:07  Missile Turret  
  142  11:17  Marauder  
  143  11:28  Marine  
  143  11:29  Marauder, Marine x4  
  143  11:30  Marauder  
  143  11:32  Marine x5  
  156  11:33  Widow Mine x2  
  156  11:35  Medivac x2  
  156  11:38  Marine  
  171  11:46  Marine x2  
  171  11:47  Marine x2  
  163  11:50  Marine x2  
  163  11:51  Marine x3  
  163  11:52  Marine  
Tags
 
Add a new tag
Caveats
  • Supply blocks, unpowered buildings, or Contaminate may cause inaccurate times.
  • Supply counts are checked every 10 seconds.